 Seeded DCSS version 0.29.1-12-g30fa7ad0bf (webtiles) character file.

Game seed: 1 (custom seed)

61378 Kazon the Carver (level 14, -1/113 HPs)
             Began as a Demonspawn Fighter on Dec 29, 2022.
             Was the Champion of Okawaru.
             Slain by Donald
             ... wielding a +0 double sword
              (7 damage)
             ... on level 1 of the Orcish Mines on Jan 4, 2023.
             The game lasted 01:36:40 (16111 turns).

Kazon the Carver (Demonspawn Fighter)              Turns: 16111, Time: 01:36:41

Health: -1/113     AC: 20    Str: 18    XL:     14   Next: 60%
Magic:  21/22      EV: 15    Int: 12    God:    Okawaru [******]
Gold:   862        SH:  0    Dex: 16    Spells: 13/13 levels left

rFire   + + +      SeeInvis +   v - +6 scimitar (vamp)
rCold   + + .      Faith    .   k - orb {mayhem}
rNeg    + + .      Spirit   .   S - +2 scale mail {rC+}
rPois   +          Reflect  .   o - +3 crown of Dyrovepreva {rElec Int+2 SInv}
rElec   +          Harm     .   Q - scarf {rC+ rF+}
rCorr   .          Rampage  .   (no gloves)
Will    +....                   l - +2 pair of boots
Stlth   +++++.....              X - amulet "Odemouw" {Contam rPois rF+++ Regen+ Stlth+}
HPRegen 7.08/turn               c - ring of positive energy
MPRegen 0.18/turn               U - ring of positive energy

@: heroic
A: claws 2, yellow scales 2, powered by death 2, spiny 2
a: Renounce Religion, Heroism, Finesse, Duel


You were on level 1 of the Orcish Mines.
You worshipped Okawaru.
Okawaru was exalted by your worship.
You visited 4 branches of the dungeon, and saw 21 of its levels.

You collected 1879 gold pieces.
You spent 1017 gold pieces at shops.

Inventory:

Hand Weapons
 e - a +2 dagger of venom
 f - the +2 Maxwell's thermic engine {flame, freeze}
   (You found it on level 1 of the Lair of Beasts)

   It burns those it strikes, dealing additional fire damage.
   Big, fiery blades are also staple armaments of hydra-hunters.
   It freezes those it strikes, dealing additional cold damage.
   It can also slow down cold-blooded creatures.
   It becomes more effective when it hits something.
   This effect fades over time.
 s - the +3 falchion of Winter {venom, rCorr}
   (You bought it in a shop on level 3 of the Dungeon)

   It poisons the flesh of those it strikes.
   rCorr:     It protects you from acid and corrosion.
 v - a +6 vampiric scimitar (weapon)
Missiles
 j - 3 silver javelins
 q - 25 boomerangs (quivered)
 r - a throwing net
 w - 2 silver boomerangs
 A - 6 curare-tipped darts
 E - 41 poisoned darts
 O - 5 atropa-tipped darts
 W - 10 javelins
Armour
 k - an orb of mayhem (worn)
 l - a +2 pair of boots (worn)
 o - the +3 crown of Dyrovepreva (worn) {rElec Int+2 SInv}
   (You acquired it on level 1 of the Dungeon)

   Int:       It affects your intelligence (+2).
   rElec:     It insulates you from electricity.
   SInv:      It lets you see invisible.
 Q - a scarf of resistance (worn)
 S - a +2 scale mail of cold resistance (worn)
Jewellery
 c - a ring of positive energy (left claw)
 U - a ring of positive energy (right claw)
 X - the amulet "Odemouw" (around neck) {Contam rPois rF+++ Regen+ Stlth+}
   (You bought it in a shop on level 8 of the Dungeon)

   [amulet of regeneration]

   rF:        It renders you almost immune to fire.
   rPois:     It protects you from poison.
   Contam:    It causes magical contamination when unequipped.
   Regen:     It increases your rate of health regeneration.
   Stlth:     It makes you more stealthy.
Wands
 z - a wand of mindburst (29)
 B - a wand of flame (50)
 I - a wand of paralysis (20)
 J - a wand of roots (11)
 R - a wand of polymorph (11)
Scrolls
 n - a scroll of immolation
 p - 3 scrolls of poison {unknown}
 t - 4 scrolls of fog
 u - 5 scrolls of teleportation
 y - a scroll of magic mapping
 H - 3 scrolls of fear
 Z - a scroll of silence
Potions
 a - 2 potions of ambrosia {unknown}
 b - 3 potions of berserk rage
 d - 3 potions of might
 g - 3 potions of haste
 h - 3 potions of flight
 m - 3 potions of cancellation
 x - 8 potions of lignification {unknown}
 G - 6 potions of curing
 M - a potion of invisibility
Miscellaneous
 L - a condenser vane
 T - a phial of floods
 Y - a lightning rod (4/4)


   Skills:
 * Level 11.1(16.1) Fighting
 + Level 3.6(13.6) Short Blades
 + Level 12.0(17.2) Long Blades
 + Level 5.8(10.8) Throwing
 + Level 7.5(12.5) Armour
 + Level 6.1(11.1) Dodging
 + Level 7.4(12.4) Stealth
 + Level 7.7(12.7) Shields
 * Level 11.2 Invocations
 * Level 9.0 Evocations


You had 13 spell levels left.
You didn't know any spells.
Your spell library contained the following spells:

 Spells                   Type           Power      Damage    Failure   Level
 Apportation              Tloc           0%         N/A       63%         1
 Magic Dart               Conj           0%         1d3       63%         1
 Necrotise                Necr           0%         1d4       63%         1
 Sting                    Tmut/Pois      0%         1d3       63%         1
 Poisonous Vapours        Pois/Air       0%         N/A       77%         2
 Mephitic Cloud           Conj/Pois/Air  0%         N/A       94%         3
 Ozocubu's Armour         Ice            0%         N/A       94%         3
 Olgreb's Toxic Radiance  Pois           0%         N/A       100%        4
 Blade Hands              Tmut           0%         N/A       100%        5
 Fireball                 Conj/Fire      0%         3d3       100%        5
 Iskenderun's Battlesphe  Conj           0%         2d6       100%        5
 Metabolic Englaciation   Hex/Ice        0%         N/A       100%        5
 Conjure Ball Lightning   Conj/Air       0%         3x3d6     100%        6
 Iron Shot                Conj/Erth      0%         9d1       100%        6
 Orb of Destruction       Conj           0%         9d5       100%        7
 Ozocubu's Refrigeration  Ice            0%         4d7       100%        7
 Summon Small Mammal      Summ           Unusable   N/A       N/A         1
 Call Imp                 Summ           Unusable   N/A       N/A         2
 Animate Armour           Summ/Erth      Unusable   N/A       N/A         4
 Simulacrum               Ice/Necr       Unusable   N/A       N/A         6

Dungeon Overview and Level Annotations

Branches:
Dungeon (13/15)            Temple (1/1) D:7            Lair (5/5) D:10
 Shoals (0/4) Lair:3       Spider (0/4) Lair:3        Slime (0/5) Lair:4
    Orc (2/2) D:12            Elf (0/3) Orc:2
 Vaults: D:13-14

Altars:
Ashenzari
Dithmenos
Gozag
Hepliaklqana
Kikubaaqudgha
Makhleb
Nemelex Xobeh
Okawaru
Uskayaw
Xom
Jiyva

Shops:
D:3 (   D:8 ?(==   D:10 :   D:13 !

Annotations:
Orc:1 Donald


Innate Abilities, Weirdness & Mutations

You have very sharp fingernails.
You are mostly covered in yellow scales. (AC +3)
You regenerate health from kills.
You are mostly covered in sharp spines.


Message History

Donald hits you with a +0 double sword!!
You hit Donald but do no damage.
Donald is lightly wounded.
Donald hits you but does no damage. Donald is struck by your spines.
Donald hits you with a +0 double sword!!
You hit Donald but do no damage.
Donald is moderately wounded.
Donald hits you with a +0 double sword!!!
* * * LOW HITPOINT WARNING * * *
Donald closely misses you.
You climb upwards.
There is a stone staircase leading down here.
You gain the combat prowess of a mighty hero.
Donald hits you with a +0 double sword!
Donald hits you with a +0 double sword!!!
* * * LOW HITPOINT WARNING * * *
You feel much better. Donald hits you with a +0 double sword.
You completely miss Donald.
Donald is moderately wounded.
Donald closely misses you.
You completely miss Donald.
Donald is moderately wounded.
Donald hits you with a +0 double sword!
You slash Donald!
You feel better.
Donald is moderately wounded.
Donald hits you with a +0 double sword!
You slash Donald!
You feel better.
Donald is heavily wounded.
Donald is struck by your spines.
Donald hits you with a +0 double sword!!!
* * * LOW HITPOINT WARNING * * *
You slice Donald!!
Donald is almost dead.
Donald hits you with a +0 double sword!!
* * * LOW HITPOINT WARNING * * *
Unknown command.
You feel better. Donald hits you with a +0 double sword!
* * * LOW HITPOINT WARNING * * *
Donald hits you with a +0 double sword!
You die...

......#####.................##
......##.#..............##...# ##
.#<.!.........#........#.#...###.
.......).......##...........#.#..
.#..)..#.[.....##))).............
......[#........[#..........#...#
.#.....[....#.....[.......))...##
.............#.@...........)...#
.......)>.......@.............##
.##.............[).....[..)....#
.##..............#..........#.##
####..........#.#............## #
#.........#.................#
##.#.......................##
####...#.#........#.####.##
################## ###


You could see the neutral Donald (fast, strong, insane, reflecting).

Vanquished Creatures
  Rupert (D:12)
  Nessos (D:12)
  Azrael (D:13)
  Fannar (Lair:2)
  Erolcha (D:10)
  4 catoblepae
  A centaur warrior (D:13)
  2 two-headed ogres
  10 death yaks
  Urug (Orc:1)
  4 skeletal warriors (D:13)
  Lodul (D:12)
  An orc sorcerer (Orc:1)
  A cyclops (D:12)
  An ugly thing (D:11)
  5 elephants (Lair:4)
  3 manticores
  5 black mambas
  11 cane toads
  Maggie (D:6)
  4 rime drakes
  An unseen horror (D:12)
  4 kobold demonologists (D:11)
  15 komodo dragons
  A tengu conjurer (D:12)
  5 trolls
  Prince Ribbit (D:9)
  A polar bear (Lair:4)
  17 blink frogs
  5 dream sheep (Lair:4)
  A snapping turtle (Lair:3)
  2 shadows
  2 vampires
  63 yaks
  2 wraiths (D:12)
  2 fire elementals (D:13)
  5 wyverns
  3 basilisks
  Eustachio (D:5)
  2 steam dragons
  4 vampire mosquitoes (D:13)
  Menkaure (D:5)
  Edmund (D:6)
  2 wargs (Orc:1)
  2 acid dragons
  16 water moccasins
  2 hell hounds (D:13)
  12 orc warriors
  An ice beast (D:8)
  5 sky beasts
  2 black bears (D:6)
  5 centaurs
  11 ogres
  A wolf (D:10)
  2 phantoms (D:6)
  3 kobold brigands
  3 necrophages
  6 bullfrogs
  A gnoll sergeant (D:7)
  10 scorpions
  21 wights
  3 killer bees (D:10)
  3 electric eels
  A howler monkey (D:5)
  2 jellies (D:6)
  6 hounds
  8 orc priests
  A gnoll bouda (D:7)
  6 iguanas
  17 orc wizards
  4 hell rats (Lair:3)
  Robin (D:3)
  16 gnolls
  13 adders
  3 shadow imps
  2 white imps (D:7)
  An ufetubus (D:5)
  4 worms
  53 orcs
  11 endoplasms
  3 giant cockroaches
  16 goblins
  9 hobgoblins
  A jackal (D:4)
  27 kobolds
  2 quokkas
  5 ball pythons
  4 bats
  3 frilled lizards
  6 rats
535 creatures vanquished.

Vanquished Creatures (collateral kills)
  An orc sorcerer (Orc:1)
  2 orc warriors
  5 orc priests
  2 orc wizards (Orc:2)
  A gnoll (Orc:2)
  14 orcs
25 creatures vanquished.

Vanquished Creatures (others)
  An orc (Orc:2)
  21 fungi
  25 plants
47 creatures vanquished.

Grand Total: 607 creatures vanquished

Notes
Turn   | Place    | Note
-------+----------+-------------------------------------------
     0 | D:1      | Kazon the Demonspawn Fighter began the quest for the Orb.
     0 | D:1      | Reached XP level 1. HP: 18/18 MP: 1/1
    36 | D:1      | Identified a scroll of acquirement
    36 | D:1      | Acquired the +3 crown of Dyrovepreva {rElec Int+2 SInv}
    36 | D:1      | Found the +3 crown of Dyrovepreva {rElec Int+2 SInv}
   258 | D:1      | Gained mutation: You are partially covered in sharp spines.
                  | [demonic ancestry]
   258 | D:1      | Reached XP level 2. HP: 24/24 MP: 2/2
   510 | D:1      | Reached skill level 2 in Long Blades
   901 | D:2      | Gained mutation: You regenerate a little health from kills.
                  | [demonic ancestry]
   901 | D:2      | Reached XP level 3. HP: 29/29 MP: 3/3
  1371 | D:2      | Reached XP level 4. HP: 27/35 MP: 4/4
  1465 | D:3      | Found Umat's Antique Weapon Boutique.
  1493 | D:3      | Bought a crude falchion for 184 gold pieces
  1493 | D:3      | Identified the +3 falchion of Winter {venom, rCorr} (You
                  | bought it in a shop on level 3 of the Dungeon)
  1508 | D:3      | Reached skill level 3 in Long Blades
  1740 | D:3      | Reached XP level 5. HP: 41/41 MP: 5/5
  1824 | D:3      | Noticed Robin
  1835 | D:3      | Killed Robin
  1895 | D:3      | Reached skill level 5 in Fighting
  1895 | D:3      | Reached skill level 5 in Long Blades
  1895 | D:3      | Reached skill level 5 in Armour
  1895 | D:3      | Reached XP level 6. HP: 51/51 MP: 6/6
  2623 | D:4      | Found a hazy altar of Hepliaklqana.
  2631 | D:4      | Gained mutation: You have sharp fingernails. [demonic
                  | ancestry]
  2631 | D:4      | Reached XP level 7. HP: 56/56 MP: 7/7
  2985 | D:5      | Entered Level 5 of the Dungeon
  3043 | D:5      | Reached skill level 5 in Shields
  3044 | D:5      | Noticed Eustachio
  3048 | D:5      | Killed Eustachio
  3049 | D:5      | Reached skill level 1 in Evocations
  3070 | D:5      | Gained mutation: You have very sharp fingernails. [demonic
                  | ancestry]
  3070 | D:5      | Reached XP level 8. HP: 41/64 MP: 8/8
  3273 | D:5      | Noticed Menkaure
  3281 | D:5      | Killed Menkaure
  3282 | D:5      | Reached skill level 6 in Long Blades
  3961 | D:6      | Noticed Maggie
  3990 | D:6      | Killed Maggie
  3991 | D:6      | Gained mutation: You are mostly covered in sharp spines.
                  | [demonic ancestry]
  3991 | D:6      | Reached XP level 9. HP: 58/69 MP: 9/9
  4200 | D:6      | Reached skill level 7 in Long Blades
  4284 | D:6      | Noticed Edmund
  4295 | D:6      | Killed Edmund
  4314 | D:6      | Reached skill level 5 in Stealth
  4749 | D:7      | Found a staircase to the Ecumenical Temple.
  4759 | Temple   | Entered the Ecumenical Temple
  4766 | Temple   | Became a worshipper of Warmaster Okawaru
  4798 | D:7      | Found a hide-covered altar of Uskayaw.
  4871 | D:7      | Gained mutation: You are partially covered in yellow
                  | scales. (AC +2) [demonic ancestry]
  4871 | D:7      | Reached XP level 10. HP: 70/76 MP: 10/10
  4905 | D:7      | Reached skill level 1 in Invocations
  5071 | D:7      | Reached * piety under Okawaru
  5436 | D:8      | Found Heidghoki's Jewellery Shop.
  5470 | D:8      | Found Zoxtaeshakh's Jewellery Boutique.
  5504 | D:8      | Found Quzidd's Magic Scroll Emporium.
  5509 | D:8      | Bought a scroll of teleportation for 42 gold pieces
  5683 | D:8      | Found Esumer's Weapon Shop.
  6472 | D:9      | Noticed a two-headed ogre
  6484 | D:9      | Killed a two-headed ogre
  6484 | D:9      | Reached ** piety under Okawaru
  6485 | D:9      | Reached skill level 8 in Long Blades
  6656 | D:9      | Noticed Prince Ribbit
  6672 | D:9      | Killed Prince Ribbit
  6838 | D:10     | Entered Level 10 of the Dungeon
  6889 | D:10     | Found a staircase to the Lair.
  6895 | D:10     | Reached *** piety under Okawaru
  6911 | D:10     | Received a gift from Okawaru
  6912 | D:10     | Gained mutation: You are mostly covered in yellow scales.
                  | (AC +3) [demonic ancestry]
  6912 | D:10     | Reached XP level 11. HP: 74/83 MP: 13/13
  6961 | D:10     | Noticed Erolcha
  6965 | D:10     | Killed Erolcha
  6985 | D:10     | Identified the +5 long sword of the Land of Plenty {drain,
                  | Dex+3}
  6990 | D:10     | Found Juagoaq's Book Shoppe.
  6999 | D:10     | Reached skill level 5 in Evocations
  7427 | D:10     | Reached **** piety under Okawaru
  7605 | D:10     | Reached skill level 5 in Invocations
  8088 | D:11     | Noticed a green ugly thing
  8103 | D:11     | Killed a green ugly thing
  8138 | D:11     | Reached skill level 5 in Dodging
  9357 | D:12     | Reached skill level 9 in Long Blades
  9482 | D:12     | Reached ***** piety under Okawaru
  9568 | D:12     | Noticed Nessos
  9577 | D:12     | Killed Nessos
  9578 | D:12     | Reached XP level 12. HP: 82/92 MP: 16/16
  9661 | D:12     | Found a staircase to the Orcish Mines.
  9683 | D:12     | Received a gift from Okawaru
  9779 | D:12     | Noticed a two-headed ogre
  9799 | D:12     | Killed a two-headed ogre
  9846 | D:12     | Noticed Rupert
  9920 | D:12     | Killed Rupert
  9920 | D:12     | Received a gift from Okawaru
 10131 | D:12     | Noticed Lodul
 10142 | D:12     | Killed Lodul
 10248 | D:8      | Bought the amulet "Odemouw" {Contam rPois rF+++ Regen+
                  | Stlth+} for 734 gold pieces
 10323 | Lair:1   | Entered Level 1 of the Lair of Beasts
 10388 | Lair:1   | Received a gift from Okawaru
 10478 | Lair:1   | Found the +2 Maxwell's thermic engine {flame, freeze}
 10505 | Lair:1   | Received a gift from Okawaru
 11062 | Lair:2   | Reached skill level 10 in Long Blades
 11063 | Lair:2   | Noticed a catoblepas
 11065 | Lair:2   | Noticed Fannar
 11096 | Lair:2   | Killed a catoblepas
 11096 | Lair:2   | Received a gift from Okawaru
 11097 | Lair:2   | Killed Fannar
 11098 | Lair:2   | Reached skill level 5 in Throwing
 11323 | Lair:2   | Reached XP level 13. HP: 89/101 MP: 19/19
 11819 | Lair:3   | Received a gift from Okawaru
 11850 | Lair:3   | Found a staircase to the Shoals.
 12051 | Lair:3   | Found an ancient bone altar of Kikubaaqudgha.
 12110 | Lair:3   | Reached ****** piety under Okawaru
 12228 | Lair:3   | Found a hole to the Spider Nest.
 12237 | Lair:3   | Received a gift from Okawaru
 12843 | Lair:4   | Found a viscous altar of Jiyva.
 12843 | Lair:4   | Found a staircase to the Slime Pits.
 12917 | Lair:4   | Reached skill level 11 in Long Blades
 13220 | Lair:4   | Identified the +3 battleaxe "Adididghufym" {antimagic, rF+
                  | Will+}
 13289 | Lair:5   | Entered Level 5 of the Lair of Beasts
 13451 | Lair:5   | Reached skill level 10 in Invocations
 13536 | Lair:5   | Reached skill level 10 in Fighting
 13630 | Lair:5   | Identified the +1 plate armour of Resonance {rPois Will-
                  | Dex+3} (Okawaru gifted it to you on level 5 of the Lair of
                  | Beasts)
 13630 | Lair:5   | Received a gift from Okawaru
 13984 | Lair:5   | Gained mutation: You regenerate health from kills. [demonic
                  | ancestry]
 13984 | Lair:5   | Reached XP level 14. HP: 105/110 MP: 21/21
 14887 | D:13     | Noticed Azrael
 14925 | D:13     | Killed Azrael
 15026 | D:13     | Found Ituota Roil's Distillery.
 15029 | D:13     | Bought a potion of curing for 57 gold pieces
 15404 | Orc:1    | Entered Level 1 of the Orcish Mines
 15430 | Orc:1    | Reached skill level 12 in Long Blades
 15430 | Orc:1    | Noticed Urug
 15451 | Orc:1    | Killed Urug
 15691 | Orc:1    | Received a gift from Okawaru
 15990 | Orc:2    | Entered Level 2 of the Orcish Mines
 16051 | Orc:2    | Found a staircase to the Elven Halls.
 16075 | Orc:2    | Noticed Donald
 16104 | Orc:1    | HP: 4/113 [Donald/+0 double sword (38)]
 16110 | Orc:1    | HP: 1/113 [Donald/+0 double sword (22)]
 16111 | Orc:1    | Slain by Donald

Illustrated notes

Levels and vault maps discovered:
D:1:      dpeg_arrival_three_smaller_balls, layout_basic
D:2:      layout_loops_ring
D:3:      layout_basic, serial_shops, nicolae_shop_stone, st_stairs_9,
          minmay_misc_feat_doors, eino_curves_03, uniq_robin
D:4:      minmay_wonky_spiral, layout_basic,
          mainiacjoe_overflow_surrounded_room, minivault_5
D:5:      layout_cave_pods, uniq_menkaure, uniq_eustachio
D:6:      cheibrodos_barr_body, layout_basic, minmay_crystal_room,
          minmay_pentangle, uniq_maggie, uniq_edmund
D:7:      layout_cave_pools, nicolae_uskayaw_murder_on_the_dancefloor,
          elyvilon_altar_4, minmay_temple_entry_purple_smoke
D:8:      layout_basic, serial_shops, shop_statue, kennysheep_little_box, shop,
          nicolae_shop_window_shopping
D:9:      layout_cave_pools, uniq_prince_ribbit1
D:10:     layout_stronghold, erik_lair_island, serial_shops,
          nicolae_shop_statue_plus, uniq_erolcha
D:11:     layout_roguey
D:12:     layout_loops_ring, orc_0_dummy, chequers_serial_rivers_marsh,
          uniq_lodul, uniq_nessos, uniq_rupert
D:13:     layout_gridville, david_vaults_5, serial_shops,
          nicolae_shop_behind_doors, minmay_fractal_squares_gapless_5,
          uniq_azrael
Temple:   nicolae_temple_bog_church
Lair:1:   layout_long_grid, fungi_pond_lemuel, cheibrodos_lair_reptile_den
Lair:2:   layout_gridlike, uniq_fannar
Lair:3:   layout_roguey, minmay_shoals_entry_hut,
          nicolae_spider_entry_non_spiders, basic_altar, serial_bayou_crossing
Lair:4:   layout_gridlike, slime_entry_1, serial_rivers,
          chequers_serial_rivers_room_a, chequers_serial_rivers_micro_c,
          chequers_serial_rivers_room_a, chequers_serial_rivers_micro_e,
          minivault_27, grunt_megastairs_3, infiniplex_staircase_pool_2
Lair:5:   evilmike_catoblepas_cave, layout_long_grid
Orc:1:    layout_caves, basic_altar, uniq_urug
Orc:2:    st_orc_congregation, layout_caves, gauntlet_entry_generic,
          hellmonk_ghost_happy_afterlife, uniq_donald

Skill      XL: |  1  2  3  4  5  6  7  8  9 10 11 12 13 14 |
---------------+-------------------------------------------+-----
Armour         | 3 5 6 7 |  7.5
Long Blades    | 2 3 5 6 7 8 9 10 11 12 | 12.0
Shields        | 3 4 5 6 7 |  7.7
Fighting       | 5 6 8 9 10 11 | 11.1
Short Blades   | 3 |  3.6
Throwing       | 3 4 5 |  5.8
Dodging        | 3 4 5 6 |  6.1
Stealth        | 4 5 6 7 |  7.4
Evocations     | 1 2 3 4 6 7 8 9 |  9.0
Invocations    | 3 6 8 10 11 | 11.2

Action                   |  1- 3 |  4- 6 |  7- 9 | 10-12 | 13-15 || total
-------------------------+-------+-------+-------+-------+-------++-------
Melee: Long sword        |    79 |       |       |    40 |       ||   119
       Dagger            |    24 |     4 |       |    12 |     1 ||    41
       Falchion          |       |    70 |   278 |   538 |    18 ||   904
       Scimitar          |       |       |       |    45 |   507 ||   552
       Double sword      |       |       |       |    41 |   154 ||   195
Throw: Stone             |     7 |    21 |    38 |    48 |    58 ||   172
       Boomerang         |       |       |       |    51 |    58 ||   109
       Dart              |       |       |       |     8 |    19 ||    27
Invok: Heroism           |       |       |       |     8 |     2 ||    10
       Finesse           |       |       |       |     1 |       ||     1
Evoke: Wand              |       |       |     6 |     4 |     3 ||    13
  Use: Scroll            |     1 |       |     2 |    11 |    11 ||    25
       Potion            |       |     1 |     2 |     2 |     2 ||     7
 Stab: Sleeping          |       |       |     6 |    19 |     9 ||    34
       Paralysed         |       |       |       |     9 |     3 ||    12
       Distracted        |       |       |       |     2 |     1 ||     3
       Invisible         |       |       |       |       |     1 ||     1
Armor: Scale mail        |    51 |    26 |    18 |    45 |   157 ||   297
       Leather armour    |       |       |    67 |    99 |       ||   166
Dodge: Dodged            |    47 |    28 |   129 |   249 |   230 ||   683
Block: Buckler           |    18 |     9 |    63 |   141 |   206 ||   437
